AoeStats
← Oppy96

Arabia

505478874Analyzed
4v4 RM · 23d ago on Sep 9, 2026· 29m 30s· 8 players
Game mode
Random Map
Map size
Large (8 player)
Population
200
Speed
Normal
Resources
Standard
Victory
Conquest
Starting age
Dark Age
Ending age
Imperial Age
RankedLock teamsTeams togetherTeam positionsShared explorationLock speedFull tech treeHidden civsTurbo modeCheats
Victory
Defeat
🇨🇳 Ethiopians · China
1299
+15
🇨🇳 Khmer · China
1281
+16
🇨🇳 Romans · China
1274
+16
🇨🇳 Mapuche · China
1273
+16
🇨🇴 Ethiopians · Colombia
1333
-17
🇪🇸 Britons · Spain
1320
-17
🇺🇸 Franks · United States
1250
-15
🇿🇦 Teutons · South Africa
1221
-14
Kryptonknight
6:51 Loom
8:59 Feudal Age
10:29 Double-Bit Axe
19:17 Wheelbarrow
21:37 Castle Age
21:47 Gold Mining
23:01 Husbandry
23:09 Scale Barding Armor
24:13 Chain Barding Armor
24:18 Hand Cart
25:03 Forging
26:56 Iron Casting
TITO15
7:26 Loom
10:03 Feudal Age
10:54 Double-Bit Axe
14:45 Fletching
26:17 Castle Age
27:13 Bow Saw
26:30 Crossbowman
27:07 Bodkin Arrow
27:51 Padded Archer Armor
28:58 Thumb Ring
Oppy96
6:17 Loom
10:55 Feudal Age
12:14 Double-Bit Axe
16:55 Fletching
17:10 Gold Mining
18:17 Padded Archer Armor
23:37 Castle Age
23:44 Crossbowman
24:22 Bodkin Arrow
24:42 Leather Archer Armor
26:36 Leather Archer Armor
27:37 Gold Shaft Mining
PcklRck
6:57 Loom
7:40 Loom
12:01 Feudal Age
12:50 Double-Bit Axe
12:48 Horse Collar
24:13 Castle Age
22:51 Bloodlines
22:58 Scale Barding Armor
23:49 Gold Mining
24:53 Forging
25:45 Heavy Plow
Moririnnx
7:30 Loom
10:22 Feudal Age
10:24 Man-at-Arms
11:40 Scale Mail Armor
19:53 Town Watch
27:29 Castle Age
27:58 Forging
28:29 Chain Mail Armor
28:14 Long Swordsman
28:55 Squires
cvlp
6:12 Loom
10:41 Feudal Age
11:13 Double-Bit Axe
16:59 Fletching
17:16 Horse Collar
23:16 Castle Age
21:23 Gold Mining
21:48 Padded Archer Armor
23:24 Crossbowman
24:00 Bodkin Arrow
26:00 Wheelbarrow
27:36 Ballistics
Teaht
10:56 Feudal Age
12:19 Loom
13:08 Double-Bit Axe
15:33 Castle Age
14:31 Horse Collar
14:52 Fletching
22:54 Bow Saw
23:26 Bodkin Arrow
24:57 Padded Archer Armor
25:31 Stone Mining
26:58 Wheelbarrow
27:44 Ballistics
28:02 Hand Cart
kagantua
6:31 Loom
9:56 Feudal Age
10:54 Double-Bit Axe
11:39 Scale Barding Armor
11:45 Forging
13:16 Horse Collar
23:37 Castle Age
22:44 Bloodlines
23:01 Gold Mining
23:43 Light Cavalry
24:24 Husbandry
25:50 Iron Casting
25:38 Chain Barding Armor
26:46 Gold Shaft Mining
27:28 Bow Saw
Connection lost

Rejoining the realm…

Still unreachable

The connection could not be restored.

Session expired

The server has moved on; the page needs a fresh start.